Map: Darkness Sanctuary LE

Players

Scarlett - Winner!

  • Race: Zerg Zerg
  • Spawn Location: 1:00

PtitDrogo

  • Race: Protoss Protoss
  • Spawn Location: 5:00

Event: WCS Valencia 2018

VOD

Have the link to the VOD?

Description

Time

  • Played on: July 12, 2018, 2:36 p.m.
  • Length: 7:05

All games in this series

Show
View Real Time Build Order
Export as new Build Order

Scarlett Zerg - Winner!

Build Orders: Hatch First 

Get SALT Encoding   

  12  0:00  Drone  
  13  0:12  Overlord  
  13  0:17  Drone  
  14  0:30  Drone x2  
  16  0:48  Hatchery  
  15  0:51  Drone  
  15  0:54  Drone  
  17  0:57  Drone  
  18  1:09  Extractor  
  17  1:12  Spawning Pool  
  17  1:15  Drone  
  17  1:19  Drone  
  18  1:28  Drone  
  19  1:39  Drone  
  20  1:50  Drone  
  21  2:01  Queen x2  
  21  2:02  Zergling x2  
  21  2:04  Overlord  
  26  2:09  Metabolic Boost  
  26  2:10  Drone  
  27  2:16  Drone  
  28  2:23  Drone x2  
  30  2:32  Hatchery  
  30  2:34  Drone  
  30  2:36  Drone  
  31  2:43  Queen  
  33  2:47  Overlord  
  33  2:49  Zergling x2  
  34  2:57  Drone x2  
  36  3:06  Drone x2  
  36  3:09  Drone  
  36  3:11  Drone  
  36  3:12  Drone x4  
  44  3:16  Overlord  
  44  3:21  Overlord  
  44  3:25  Spore Crawler  
  43  3:27  Zergling x2  
  44  3:35  Drone  
  44  3:38  Extractor  
  44  3:39  Drone x2  
  46  3:44  Drone  
  46  3:46  Extractor, Drone x3  
  46  3:47  Lair  
  49  3:50  Drone x2  
  49  3:51  Queen  
  49  3:53  Drone  
  54  3:56  Drone x2  
  54  4:00  Drone  
  54  4:01  Spore Crawler  
  56  4:07  Extractor  
  56  4:09  Overlord x2  
  55  4:17  Drone  
  55  4:18  Overlord, Drone x2  
  58  4:24  Overlord x2  
  58  4:33  Overlord  
  58  4:34  Drone x4  
  58  4:38  Drone x3  
  65  4:46  Hydralisk Den  
  65  4:48  Drone x2  
  65  4:50  Overlord, Drone  
  65  4:51  Zergling x6  
  70  4:54  Zergling x2  
  71  5:03  Overlord x2  
  71  5:07  Baneling Nest  
  70  5:18  Hydralisk x6  
  82  5:21  Muscular Augments  
  82  5:22  Hydralisk  
  82  5:26  Hydralisk x2  
  88  5:31  Hydralisk x2  
  92  5:38  Hydralisk x3  
  98  5:52  Hydralisk x3  
  98  5:53  Zergling x12  
  98  5:55  Zergling x2  
  98  5:56  Zergling x2  
  112  6:00  Zergling x8  
  116  6:08  Zergling x6  
  116  6:09  Baneling x7  
  119  6:13  Baneling  
  119  6:15  Zergling x8  
  119  6:17  Baneling x2  
  123  6:18  Zergling x2  
  123  6:24  Zergling x2  
  123  6:25  Zergling x6  
  128  6:30  Zergling x4  
  113  6:42  Zergling x10  
  113  6:46  Zergling x4  
Show
View Real Time Build Order
Export as new Build Order

PtitDrogo Protoss 

Build Orders: 1 Gate Expand, Oracle Opening, Phoenix Opening, Zealot Archon, Archon Drop 

Get SALT Encoding   

  12  0:00  Probe  
  13  0:13  Probe  
  14  0:19  Pylon  
  14  0:25  Probe  
  15  0:33  Probe  
  15  0:41  Probe  
  16  0:43  Gateway  
  17  0:51  Probe, Assimilator  
  18  1:03  Probe  
  19  1:16  Probe  
  20  1:26  Nexus  
  20  1:34  Cybernetics Core  
  20  1:37  Probe  
  21  1:42  Assimilator  
  21  1:49  Probe  
  21  1:52  Pylon  
  23  2:01  Probe  
  23  2:02  Adept  
  23  2:13  Probe  
  26  2:17  Stargate  
  26  2:25  Probe  
  26  2:26  Warp Gate  
  27  2:34  Adept, Probe x2  
  29  2:42  Probe x2  
  33  2:52  Probe x2  
  33  2:56  Phoenix  
  35  3:04  Probe  
  38  3:08  Probe  
  38  3:09  Pylon  
  39  3:16  Probe  
  39  3:19  Oracle  
  40  3:20  Probe  
  44  3:28  Probe, Assimilator  
  44  3:32  Probe, Assimilator  
  46  3:40  Probe  
  47  3:44  Robotics Facility, Probe  
  48  3:52  Probe  
  49  3:56  Probe  
  49  3:57  Twilight Council  
  50  4:04  Probe  
  50  4:08  Probe  
  52  4:12  Pylon  
  52  4:14  Gateway x2  
  52  4:15  Gateway  
  52  4:18  Probe  
  52  4:21  Warp Prism  
  53  4:36  Probe x2, Templar Archives  
  57  4:41  Zealot  
  59  4:51  Nexus  
  59  4:56  Pylon x2  
  59  5:04  Probe x2  
  61  5:11  Psionic Storm  
  61  5:14  High Templar x2  
  61  5:15  High Templar x2  
  61  5:17  Probe  
  61  5:18  Archon  
  61  5:19  Archon  
  61  5:20  Probe  
  71  5:25  Gateway x2  
  71  5:26  Gateway  
  71  5:28  Gateway  
  71  5:31  Probe  
  72  5:36  Pylon  
  72  5:37  Observer  
  73  5:49  High Templar  
  73  5:53  Zealot x2  
  73  5:56  Pylon  
  77  6:04  High Templar  
  79  6:05  Probe x3  
  79  6:07  Shield Battery  
  82  6:17  Zealot, High Templar  
  86  6:19  Shield Battery  
  86  6:21  Zealot x2  
  86  6:22  Zealot x2  
  94  6:28  Zealot  
  71  6:41  Zealot x2  
  65  6:48  Archon  
  65  6:49  Zealot x6  
Tags
 
Add a new tag
Caveats
  • Supply blocks, unpowered buildings, or Contaminate may cause inaccurate times.
  • Supply counts are checked every 10 seconds.